 Dungeon Crawl Stone Soup version 0.31-a0-835-g2a3a5bc3be (webtiles) character file.

Game seed: 7801169138168048841

5649 12345 the Skirmisher (level 10, -3/58 HPs)
             Began as a Deep Elf Hunter on Sept 26, 2023.
             Was a Believer of Uskayaw.
             Slain by an orc warrior
             ... wielding a +0 war axe
              (10 damage)
             ... in a bailey.
             The game lasted 00:23:25 (9898 turns).

12345 the Skirmisher (Deep Elf Hunter)              Turns: 9898, Time: 00:23:26

Health: -3/58      AC:  6    Str:  8    XL:     10   Next: 46%
Magic:  21/21      EV: 17    Int: 15    God:    Uskayaw [**....]
Gold:   501        SH:  0    Dex: 22    Spells: 15/21 levels left

rFire   . . .        a - +1 shortbow
rCold   . . .        (shield currently unavailable)
rNeg    . . .        s - +0 robe
rPois   .            t - +0 hat
rElec   .            (no cloak)
rCorr   +            v - +0 pair of gloves
SInv    .            i - +2 pair of boots
Will    +....        E - amulet of regeneration
Stlth   ++++         B - ring of resist corrosion
HPRegen 1.09/turn    (no ring)
MPRegen 0.17/turn

%: no passive effects
@: no status effects
A: no striking features
a: Renounce Religion, Stomp, Line Pass


You were in a bailey.
You worshipped Uskayaw.
Uskayaw was noncommittal.
You visited 2 branches of the dungeon, and saw 11 of its levels.
You also visited: Bailey.

You collected 501 gold pieces.

Inventory:

Hand Weapons
 a - a +1 shortbow (weapon)
 b - a +1 dagger of flaming
Missiles
 m - 20 poisoned darts
 A - 4 curare-tipped darts
 C - 2 throwing nets
Armour
 i - a +2 pair of boots (worn)
 s - a +0 robe (worn)
 t - a +0 hat (worn)
 v - a +0 pair of gloves (worn)
Jewellery
 B - a ring of resist corrosion (left hand)
 E - an amulet of regeneration (around neck)
Wands
 x - a wand of roots (17)
 y - a wand of polymorph (14)
Scrolls
 c - a scroll of fear {unknown}
 d - a scroll of amnesia {unknown}
 f - 3 scrolls of teleportation
 g - a scroll of blinking
 h - a scroll of butterflies
 n - a scroll of enchant armour {unknown}
 o - a scroll of fog {unknown}
 D - a scroll of poison {unknown}
Potions
 e - a potion of invisibility {unknown}
 j - a potion of magic
 k - 2 potions of ambrosia
 l - 4 potions of brilliance
 p - a potion of haste
 q - 2 potions of enlightenment
 r - a potion of mutation {unknown}
 u - 3 potions of lignification
 w - 4 potions of curing
 z - 2 potions of might


   Skills:
 + Level 4.7 Fighting
 + Level 0.0 Short Blades
 * Level 11.1 Ranged Weapons
 + Level 6.9 Dodging
 + Level 7.1 Stealth
 - Level 6.1 Spellcasting
 - Level 5.0 Translocations
 - Level 4.0 Air Magic
 - Level 4.4 Poison Magic
 * Level 4.0 Invocations
 - Level 2.0 Evocations


You had 15 spell levels left.
You knew the following spells:

 Your Spells              Type           Power      Damage    Failure   Level
a - Blink                 Tloc           38%        N/A       2%          2
b - Lesser Beckoning      Tloc           38%        N/A       2%          2
c - Poisonous Vapours     Pois/Air       34%        N/A       3%          2

Your spell library contained the following spells:

 Spells                   Type           Power      Damage    Failure   Level
 Gell's Gravitas          Tloc           19%        N/A       5%          3
 Teleport Other           Tloc           19%        N/A       5%          3
 Momentum Strike          Conj/Tloc      24%        3d8       8%          2
 Mephitic Cloud           Conj/Pois/Air  13%        N/A       14%         3
 Volatile Blastmotes      Fire/Tloc      24%        2d12      16%         3
 Sublimation of Blood     Necr           4%         N/A       22%         2
 Hailstorm                Conj/Ice       4%         3d4       41%         3
 Iskenderun's Mystic Bla  Conj/Tloc      12%        2d5       45%         4
 Fulminant Prism          Conj/Hex       2%         3d5       82%         4
 Petrify                  Tmut/Erth      4%         N/A       82%         4
 Summon Ice Beast         Ice/Summ       4%         N/A       82%         4
 Freezing Cloud           Conj/Ice/Air   4%         6-21      93%         5
 Dispersal                Tloc           9%         N/A       95%         6
 Irradiate                Conj/Tmut      2%         3d12      99%         5
 Summon Mana Viper        Hex/Summ       4%         N/A       99%         5
 Simulacrum               Ice/Necr       2%         N/A       100%        6
 Monstrous Menagerie      Summ           2%         N/A       100%        7


Dungeon Overview and Level Annotations

Branches:
Dungeon (10/15)            Temple (1/1) D:7          Bailey (1/1)
   Lair: D:8-11         Orc: D:9-12

Altars:
Ashenzari
Cheibriados
Dithmenos
Elyvilon
Fedhas
Hepliaklqana
Kikubaaqudgha
Makhleb
Okawaru
Qazlal
Ru
Sif Muna
Trog
Uskayaw
Vehumet
Wu Jian
Xom
Yredelemnul
Zin
The Shining One

Shops:
D:5 [

Annotations:
D:9 exclusions: 2 killer bees, troll, two-headed ogre and 1 more exclusion Bailey exclusion: door


Message History

You shoot an arrow.
The arrow barely misses the orc warrior.
The orc warrior closely misses you.
You shoot an arrow.
The arrow hits the orc warrior but does no damage.
The orc warrior completely misses you.
You shoot an arrow. The arrow hits the orc warrior.
The orc warrior is lightly wounded.
The orc warrior hits you with a +0 war axe!
You shoot an arrow.
The arrow closely misses the orc warrior.
You shoot an arrow. The arrow hits the orc warrior.
The orc warrior is lightly wounded.
The orc warrior hits you with a +0 war axe!
You shoot an arrow. The arrow hits the orc warrior.
The orc warrior is moderately wounded.
The orc warrior misses you.
You shoot an arrow.
The arrow closely misses the orc warrior.
The orc warrior hits you with a +0 war axe!
You shoot an arrow. The arrow hits the orc warrior.
The orc warrior is heavily wounded.
The orc warrior hits you with a +0 war axe!
You shoot an arrow.
The arrow hits the orc warrior but does no damage.
The orc warrior is heavily wounded.
The orc warrior hits you with a +0 war axe.
* * * LOW HITPOINT WARNING * * *
You shoot an arrow. The arrow hits the orc warrior.
The orc warrior is heavily wounded.
You shoot an arrow. The arrow hits the orc warrior!
The orc warrior is severely wounded.
The orc warrior hits you with a +0 war axe!
* * * LOW HITPOINT WARNING * * *
You can now pass through a line of other dancers.
You shoot an arrow.
The arrow hits the orc warrior but does no damage.
The orc warrior is severely wounded.
The orc warrior hits you with a +0 war axe!
You die...

≈≈≈≈≈≈~.# .# #.)#
≈≈≈≈≈≈~.##'# #'##
≈≈≈≈≈≈~.#..# #..#
≈≈≈≈≈≈~.#..# #..#
≈≈≈≈≈≈~o#..# ..# #..#
≈≈≈≈≈S~.#..# #8.8#
#..# ≈≈S≈≈≈~.#..#
#...# #..#
#'#'##+###8.8###+##'#
#..o@#[[.#...#.))#..)
#....#[[.#...#.))#...
###..######.######).#
#.'......).∩........'
######~~~~~~~~~~~####
≈≈≈≈≈≈≈≈≈≈≈≈≈≈≈≈≈≈≈≈
≈≈≈≈≈≈≈≈≈≈≈≈≈≈≈≈≈≈≈≈
≈≈≈≈≈≈≈≈≈≈≈≈≈≈≈≈≈≈≈≈≈
≈≈≈≈≈≈≈≈≈≈≈≈≈≈≈≈≈≈≈≈≈


You could see an orc warrior.

Vanquished Creatures
  A kobold demonologist (Bailey)
  Sigmund (D:6)
  A shadow (D:9)
  A wraith (D:10)
  A wyvern (D:9)
  4 yaks (D:10)
  An acid dragon (D:9)
  A water moccasin (D:7)
  Duvessa (D:4)
  A black bear (D:5)
  9 orc warriors
  3 ice beasts
  2 ogres
  3 bullfrogs
  5 kobold brigands
  3 scorpions
  Dowan (D:4)
  15 wights
  4 howler monkeys (D:8)
  2 hounds
  A jelly (D:8)
  An orc priest (D:5)
  4 gnoll boudas
  2 sleepcaps
  2 iguanas
  4 orc wizards
  19 gnolls
  4 adders
  A shadow imp (D:7)
  A white imp (D:7)
  3 ufetubi
  A worm (D:2)
  4 dart slugs
  25 orcs
  3 ball pythons
  7 endoplasms
  5 giant cockroaches
  11 hobgoblins
  2 jackals (D:2)
  A quokka (D:1)
  2 bats
  14 goblins
  18 kobolds
  4 rats
199 creatures vanquished.

Vanquished Creatures (others)
  An orc wizard (D:10)
1 creature vanquished.

Grand Total: 200 creatures vanquished

Notes
Turn   | Place    | Note
-------+----------+-------------------------------------------
     0 | D:1      | 12345 the Deep Elf Hunter began the quest for the Orb.
     0 | D:1      | Reached XP level 1. HP: 12/12 MP: 3/3
   110 | D:1      | Reached XP level 2. HP: 17/17 MP: 4/4
   519 | D:2      | Reached XP level 3. HP: 21/21 MP: 5/5
   597 | D:2      | Reached skill level 6 in Ranged Weapons
   684 | D:2      | Learned a level 2 spell: Blink
   695 | D:2      | Found a faded altar of an unknown god.
  1064 | D:3      | Noticed an ogre
  1070 | D:3      | Killed an ogre
  1071 | D:3      | Reached skill level 1 in Spellcasting
  1071 | D:3      | Reached skill level 1 in Translocations
  1071 | D:3      | Reached XP level 4. HP: 26/26 MP: 5/8
  1071 | D:3      | Reached XP level 5. HP: 30/30 MP: 5/9
  1154 | D:3      | Identified the +0 chain mail of Responsibility {rF++ Dex+3}
  1625 | D:4      | Noticed Dowan
  1826 | D:4      | Found a blossoming altar of Fedhas.
  2288 | D:4      | Found a basalt altar of Yredelemnul.
  2288 | D:4      | Found an ornate altar of the Wu Jian Council.
  2450 | D:4      | Found a glowing silver altar of Zin.
  2450 | D:4      | Noticed an angel
  2452 | D:4      | Found a shimmering altar of Xom.
  2609 | D:4      | Noticed Duvessa
  2744 | D:5      | Entered Level 5 of the Dungeon
  2744 | D:5      | Found Ettef's Armour Shoppe.
  2764 | D:5      | Reached skill level 7 in Ranged Weapons
  2764 | D:5      | Reached XP level 6. HP: 10/36 MP: 9/11
  2864 | D:5      | Identified the +3 hand axe of Gluttony {holy, *Rage rElec
                  | rF+ Int+3}
  2961 | D:5      | Found a burning altar of Makhleb.
  3173 | D:5      | Reached skill level 1 in Evocations
  3205 | D:5      | Learned a level 2 spell: Lesser Beckoning
  3208 | D:5      | Learned a level 2 spell: Poisonous Vapours
  3809 | D:4      | Found a glowing silver altar of Zin.
  3809 | D:4      | Found a shimmering altar of Xom.
  3876 | D:4      | Found a basalt altar of Yredelemnul.
  3880 | D:4      | Found an ornate altar of the Wu Jian Council.
  3936 | D:4      | Found a blossoming altar of Fedhas.
  4207 | D:4      | Killed Duvessa
  4208 | D:4      | Reached XP level 7. HP: 40/40 MP: 11/13
  4221 | D:4      | Killed Dowan
  4296 | D:5      | Reached skill level 1 in Poison Magic
  4383 | D:5      | You fall into a shaft and drop 3 floors!
  4398 | D:8      | Reached skill level 1 in Air Magic
  4610 | D:8      | Reached skill level 8 in Ranged Weapons
  4676 | D:8      | Reached XP level 8. HP: 46/46 MP: 15/15
  5070 | D:8      | Found a snail-covered altar of Cheibriados.
  5075 | D:8      | Found an iron altar of Okawaru.
  5119 | D:8      | Reached skill level 5 in Dodging
  5141 | D:8      | Reached skill level 5 in Stealth
  5326 | D:8      | Reached skill level 9 in Ranged Weapons
  5880 | D:5      | Reached XP level 9. HP: 52/52 MP: 18/18
  6009 | D:6      | Noticed Sigmund
  6058 | D:6      | Killed Sigmund
  6495 | D:7      | Reached skill level 5 in Spellcasting
  7039 | D:7      | Found a staircase to the Ecumenical Temple.
  7050 | D:7      | Found a sacrificial altar of Ru.
  7065 | Temple   | Entered the Ecumenical Temple
  7104 | Temple   | Became a worshipper of Uskayaw the Reveller
  7160 | D:7      | Found a glowing golden altar of the Shining One.
  7337 | D:8      | Reached * piety under Uskayaw
  7343 | D:8      | Reached skill level 10 in Ranged Weapons
  7571 | D:9      | Noticed a two-headed ogre
  7698 | D:9      | Reached ** piety under Uskayaw
  7999 | D:9      | Noticed a troll
  8030 | D:9      | Noticed a two-headed ogre
  8117 | D:8      | Reached skill level 1 in Invocations
  8415 | D:9      | Reached *** piety under Uskayaw
  8628 | D:9      | Noticed a seven-headed hydra
  8628 | D:9      | Noticed a deep elf pyromancer
  8630 | D:9      | Noticed a deep elf pyromancer
  8631 | D:9      | Noticed a tengu warrior
  8762 | D:10     | Entered Level 10 of the Dungeon
  9007 | D:10     | Reached XP level 10. HP: 54/58 MP: 20/20
  9011 | D:10     | Reached **** piety under Uskayaw
  9019 | D:10     | Reached ***** piety under Uskayaw
  9025 | D:10     | Reached skill level 5 in Translocations
  9192 | D:10     | Found a flagged portal.
  9294 | Bailey   | Entered a bailey
  9624 | Bailey   | Reached skill level 11 in Ranged Weapons
  9898 | Bailey   | Slain by an orc warrior

Illustrated notes

Levels and vault maps discovered:
D:1:      dpeg_arrival_short_road, layout_rooms, minmay_3d_cube
D:2:      layout_basic, ebering_ecumenical_altar_sacrificial
D:3:      layout_loops_cross
D:4:      layout_rooms, grunt_temple_overflow_order_and_chaos_1,
          mainiacjoe_overflow_six_doors_small, jmf_multi_god_temple,
          uniq_duvessa
D:5:      layout_basic, kennysheep_little_box, minmay_misc_feat_alley,
          nicolae_stop_n_shop_1
D:6:      layout_rooms, uniq_sigmund
D:7:      layout_rooms, mainiacjoe_overflow_alcove_2, nicolae_ru_path_of_blood,
          temple_statues
D:8:      layout_basic, grunt_temple_overflow_open
D:9:      minmay_the_grid_plus_closed [minmay_the_grid_all_tris,
          minmay_the_grid_doors, minmay_the_grid_x, minmay_the_grid_garden,
          minmay_the_grid_prize_four_corners_diamond_b], layout_basic,
          grunt_temple_overflow_opulence, serial_shops, nicolae_square_shop
D:10:     layout_basic, dpeg_oklobed_lair, enter_bailey_3
Temple:   hellmonk_temple_beads
Bailey:   bailey_axe_of_yendor_kennysheep, bailey

Skill      XL: |  1  2  3  4  5  6  7  8  9 10 |
---------------+-------------------------------+-----
Stealth        | 2 3 4 5 6 7 |  7.1
Ranged Weapons | 6 7 8 9 10 11 | 11.1
Fighting       | 2 3 4 |  4.7
Dodging        | 3 4 5 6 |  6.9
Spellcasting   | 1 2 3 4 5 6 |  6.1
Translocations | 1 2 3 4 5 |  5.0
Evocations     | 1 2 |  2.0
Poison Magic   | 1 3 4 |  4.4
Air Magic      | 1 2 3 4 |  4.0
Invocations    | 2 4 |  4.0

Action                     |  1- 3 |  4- 6 |  7- 9 | 10-12 || total
---------------------------+-------+-------+-------+-------++-------
  Melee: Dagger            |       |       |     2 |    11 ||    13
         Shortbow          |       |       |     1 |       ||     1
   Fire: Shortbow          |    97 |   179 |   535 |   282 ||  1093
   Cast: Blink             |       |     2 |     1 |       ||     3
 Invoke: Stomp             |       |       |       |     1 ||     1
  Evoke: Wand              |       |       |     3 |       ||     3
    Use: Potion            |       |     1 |       |       ||     1
         Scroll            |       |     1 |    11 |       ||    12
   Stab: Sleeping          |       |       |     2 |       ||     2
         Paralysed         |       |       |       |     3 ||     3
 Armour: Leather armour    |     6 |     1 |       |       ||     7
         Robe              |       |    67 |   129 |    76 ||   272
  Dodge: Dodged            |     8 |    62 |   147 |    99 ||   316

Table legend: (Time is in decaauts)
 A = Elapsed time spent in this place.
 B = Non-inter-level travel time spent in this place.
 C = Inter-level travel time spent in this place.
 D = Time resting spent in this place.
 E = Time spent auto-exploring this place.
 F = Levels seen in this place.
 G = Mean time per level.
                   A        B        C        D        E       F      G
               +--------+--------+--------+--------+--------+-----+--------+
         Total |   9918 |   9299 |    619 |   2403 |   4342 |  12 |  826.5 |
       Dungeon |   9251 |   8708 |    543 |   2220 |   4263 |  10 |  925.1 |
        Temple |     78 |      2 |     76 |      0 |      0 |   1 |   78.0 |
        Bailey |    588 |    588 |      0 |    183 |     79 |   1 |  588.0 |
               +--------+--------+--------+--------+--------+-----+--------+

Top non-repeatable levels by time:
     D:8: 1577 daAuts
     D:4: 1376 daAuts
     D:3: 1337 daAuts
     D:5: 974 daAuts
     D:9: 943 daAuts
     D:7: 824 daAuts
     D:2: 693 daAuts
  Bailey: 588 daAuts
     D:6: 560 daAuts
    D:10: 533 daAuts
     D:1: 432 daAuts
  Temple: 78 daAuts
